Map: Ascension to Aiur LE

Players

Ilian - Winner!

  • Race: Protoss Protoss
  • Spawn Location: 5:00

cola

  • Race: Terran Terran
  • Spawn Location: 11:00

VOD

Have the link to the VOD?

Description

Time

  • Played on: June 2, 2017, 7:54 a.m.
  • Length: 11:39
Show
View Real Time Build Order
Export as new Build Order

Ilian Protoss - Winner!

Build Orders: 1 Gate Expand 

Get SALT Encoding   

  12  0:06  Probe (Chrono Boost)  
  13  0:16  Probe (Chrono Boost)  
  13  0:18  Pylon  
  14  0:27  Probe (Chrono Boost)  
  15  0:38  Probe (Chrono Boost)  
  15  0:39  Gateway  
  16  0:47  Assimilator  
  16  0:50  Probe (Chrono Boost)  
  17  1:01  Probe (Chrono Boost)  
  18  1:12  Probe (Chrono Boost)  
  19  1:25  Nexus  
  19  1:28  Probe (Chrono Boost)  
  20  1:40  Cybernetics Core  
  20  1:43  Probe (Chrono Boost)  
  21  1:50  Pylon  
  21  1:55  Probe (Chrono Boost)  
  21  2:00  Assimilator  
  22  2:09  Probe (Chrono Boost)  
  23  2:17  Adept, Warp Gate  
  25  2:26  Probe (Chrono Boost)  
  26  2:33  Robotics Facility  
  26  2:37  Probe x2 (Chrono Boost)  
  28  2:49  Mothership Core (Chrono Boost)  
  30  2:59  Probe (Chrono Boost)  
  30  3:01  Adept  
  33  3:08  Probe (Chrono Boost)  
  33  3:12  Probe (Chrono Boost)  
  35  3:17  Gateway  
  35  3:18  Gateway  
  35  3:21  Observer  
  35  3:22  Probe (Chrono Boost)  
  38  3:27  Probe (Chrono Boost)  
  38  3:29  Adept  
  38  3:33  Probe (Chrono Boost)  
  41  3:37  Pylon  
  41  3:39  Probe (Chrono Boost)  
  42  3:42  Observer  
  42  3:45  Probe (Chrono Boost)  
  44  3:50  Twilight Council  
  44  3:53  Probe (Chrono Boost)  
  45  3:59  Stalker  
  45  4:00  Probe (Chrono Boost)  
  48  4:06  Probe (Chrono Boost)  
  49  4:11  Probe (Chrono Boost)  
  49  4:16  Forge  
  49  4:17  Probe (Chrono Boost)  
  51  4:21  Probe (Chrono Boost), Warp Prism  
  54  4:25  Pylon  
  54  4:29  Charge  
  54  4:46  Sentry  
  54  4:48  Probe x2 (Chrono Boost)  
  58  4:53  Assimilator  
  58  4:57  Assimilator  
  58  5:00  Nexus  
  58  5:03  Pylon  
  58  5:07  Immortal  
  62  5:12  Pylon  
  62  5:17  Pylon  
  62  5:18  Protoss Ground Weapons Level 1  
  64  5:21  Probe x2 (Chrono Boost)  
  64  5:29  Pylon  
  64  5:34  Probe x2 (Chrono Boost)  
  66  5:39  Gateway  
  66  5:40  Gateway  
  66  5:41  Gateway  
  66  5:42  Sentry  
  68  5:43  Sentry  
  68  5:45  Sentry  
  68  5:47  Probe (Chrono Boost)  
  73  5:50  Probe (Chrono Boost)  
  74  6:00  Probe (Chrono Boost)  
  75  6:04  Robotics Bay  
  75  6:06  Probe (Chrono Boost)  
  75  6:10  Probe (Chrono Boost)  
  77  6:15  Zealot  
  77  6:16  Zealot x2  
  77  6:18  Probe x2 (Chrono Boost)  
  85  6:31  Probe x3 (Chrono Boost)  
  88  6:40  Zealot x3, Photon Cannon  
  88  6:42  Stalker  
  88  6:46  Stalker  
  98  6:49  Pylon, Stalker  
  98  6:51  Probe (Chrono Boost)  
  98  6:52  Probe x2 (Chrono Boost)  
  103  6:58  Colossus  
  109  7:07  Probe x3 (Chrono Boost)  
  109  7:08  Pylon  
  112  7:14  Blink, Photon Cannon  
  112  7:28  Zealot x4  
  120  7:30  Probe (Chrono Boost)  
  120  7:31  Probe x2 (Chrono Boost)  
  120  7:33  Pylon  
  120  7:35  Assimilator  
  123  7:40  Assimilator  
  123  7:41  Extended Thermal Lance  
  123  7:43  Probe (Chrono Boost)  
  125  7:45  Probe (Chrono Boost)  
  125  7:46  Pylon  
  125  7:48  Colossus  
  125  7:50  Templar Archives  
  126  7:51  Probe (Chrono Boost)  
  132  8:06  Zealot x2  
  132  8:07  Zealot x2  
  140  8:13  Pylon  
  140  8:16  Photon Cannon  
  140  8:17  Photon Cannon  
  140  8:25  Nexus  
  140  8:33  Probe x2 (Chrono Boost)  
  143  8:34  Probe (Chrono Boost)  
  143  8:36  Stalker x2  
  143  8:40  Stalker  
  149  8:47  Pylon  
  149  8:58  Colossus  
  149  8:59  Psionic Storm  
  149  9:03  Pylon, Protoss Ground Weapons Level 2  
  149  9:06  Probe (Chrono Boost)  
  149  9:07  Probe (Chrono Boost)  
  143  9:26  Nexus  
  143  9:27  High Templar x3  
  149  9:34  Pylon  
  149  9:41  High Templar  
  149  9:44  Colossus  
  151  9:48  Probe (Chrono Boost)  
  151  9:50  Probe (Chrono Boost)  
  151  9:51  Assimilator  
  159  9:54  Assimilator  
  159  10:08  Zealot x3  
  159  10:09  Zealot x2  
  161  10:33  Warp Prism  
  133  10:50  Zealot x4  
  133  10:51  Zealot x2  
  133  10:54  Probe (Chrono Boost)  
  133  10:56  Probe (Chrono Boost)  
  147  11:08  Probe (Chrono Boost)  
  148  11:14  Gateway  
  148  11:16  Gateway  
  146  11:18  Gateway  
  146  11:21  Gateway  
  146  11:22  Archon  
  146  11:24  Gateway  
Show
View Real Time Build Order
Export as new Build Order

cola Terran 

Build Orders: Reaper Expand, MMM Bio 

Get SALT Encoding   

  12  0:02  SCV  
  13  0:14  SCV  
  13  0:19  Supply Depot  
  14  0:26  SCV  
  15  0:29  Refinery  
  15  0:40  SCV  
  16  0:48  Barracks  
  16  0:52  SCV  
  17  1:04  SCV  
  18  1:21  SCV  
  19  1:36  Reaper  
  19  1:38  Orbital Command  
  20  1:53  Command Center  
  20  2:07  Factory  
  20  2:08  SCV  
  21  2:11  Refinery  
  21  2:17  Supply Depot  
  21  2:20  Barracks Reactor  
  21  2:24  SCV  
  22  2:34  Engineering Bay  
  22  2:36  SCV  
  23  2:51  Widow Mine  
  23  2:57  Marine x2, Starport  
  26  3:01  SCV  
  27  3:13  Missile Turret  
  27  3:14  SCV  
  27  3:17  Orbital Command  
  28  3:28  Missile Turret  
  28  3:31  SCV  
  29  3:36  Barracks  
  29  3:42  Factory Reactor  
  29  3:47  Viking  
  31  3:53  SCV x2  
  33  4:01  Supply Depot  
  33  4:09  Barracks, SCV  
  35  4:10  SCV  
  35  4:18  Marine x2  
  35  4:21  SCV  
  35  4:22  SCV  
  39  4:24  Terran Infantry Weapons Level 1  
  39  4:37  Barracks Tech Lab  
  39  4:40  SCV x2  
  41  4:51  Command Center  
  41  4:55  SCV x2  
  43  5:02  Barracks Tech Lab  
  43  5:09  SCV  
  43  5:10  SCV  
  43  5:11  Medivac x2  
  43  5:12  Missile Turret  
  49  5:21  Missile Turret  
  49  5:26  Marauder  
  49  5:27  Marauder, Combat Shields  
  53  5:29  Stimpack  
  53  5:30  Marine  
  53  5:35  Supply Depot  
  54  5:37  Engineering Bay  
  54  5:42  Armory  
  54  5:53  Refinery  
  54  5:54  Refinery  
  54  5:56  Marine, SCV x2  
  57  6:05  Missile Turret  
  57  6:08  Supply Depot, Marauder  
  57  6:09  Marine, Marauder  
  62  6:14  Marine, SCV x2  
  65  6:23  Orbital Command  
  65  6:27  SCV  
  65  6:29  Medivac x2  
  70  6:34  SCV  
  71  6:43  Marine x2, Marauder x2  
  71  6:46  Concussive Shells  
  77  6:49  SCV  
  77  6:50  SCV, Orbital Command  
  77  6:51  Terran Infantry Weapons Level 2  
  77  6:52  Terran Infantry Armor Level 1  
  79  6:59  Supply Depot  
  79  7:12  Barracks  
  79  7:15  Barracks  
  79  7:20  Marine x2, Marauder x2  
  79  7:22  SCV x3  
  88  7:41  SCV x3  
  88  7:42  Missile Turret  
  91  7:46  Marauder  
  93  7:53  Supply Depot x2  
  93  7:59  Supply Depot  
  93  8:04  Barracks Reactor  
  93  8:06  Barracks Reactor  
  93  8:11  Refinery  
  93  8:14  Marine x2, Refinery, Marauder, Medivac x2  
  101  8:25  SCV x3  
  104  8:32  Marauder  
  104  8:33  Marine x2  
  108  8:36  Marauder  
  110  8:42  Supply Depot  
  110  8:43  Ghost Academy  
  110  8:44  Medivac x2  
  114  8:49  Marine x2  
  114  8:50  Marine  
  117  8:56  Supply Depot  
  117  9:03  Marine x3  
  117  9:07  Supply Depot  
  114  9:18  Supply Depot  
  114  9:24  SCV x3  
  113  9:29  Factory Reactor, Viking  
  113  9:30  Viking  
  113  9:31  Starport  
  119  9:37  Marauder x2  
  119  9:38  Marine x3  
  123  9:39  Marine x3  
  123  9:42  SCV x3  
  132  9:53  Armory  
  132  10:06  SCV, Missile Turret  
  132  10:07  SCV x2  
  135  10:12  Supply Depot  
  135  10:13  Supply Depot  
  135  10:16  Barracks  
  135  10:18  Barracks  
  135  10:20  Barracks  
  135  10:28  Missile Turret  
  106  10:42  Marine, Marauder x2  
  92  10:43  Marine x2  
  92  10:48  Marine x2  
  80  11:00  Viking x2  
  80  11:01  Viking x2  
  80  11:04  Marauder  
  85  11:06  Marine x2, Marauder  
  80  11:13  Barracks Tech Lab  
  80  11:15  Marine  
Tags
 
Add a new tag
Caveats
  • Supply blocks, unpowered buildings, or Contaminate may cause inaccurate times.
  • Supply counts are checked every 10 seconds.